Map: Frost LE

Players

MarineLorD - Winner!

  • Race: Terran Terran
  • League: Master

Elazer

  • Race: Zerg Zerg
  • League: Master

VOD

https://www.youtube.com/watch?v=YzEHMzMFOoQ

Description

MarineLord opens with a Reaper Expand and gets a Drone kill with it before being pushed back with Zerglings. He follows up with Hellions and get a cancel on Elazer's 3rd. Meanwhile, there's a Zergling runby on the other side of the map to pick off a few workers.

MarineLord follows up with cloaked Banshees, but Elazer already has Spore Colonies up to push that away. MarineLord transitions into mech while Elazer gets Baneling speed and +2/+2 upgrades for his Zerglings and Banelings.

Both continue to take more bases while they macro up. Elazer does a Baneling drop to kill 17 workers as MarineLord pushes across with his army towards Elazer's 4th base. He picks it off and then heads back while Elazer goes for Ultralisks and Adrenal Glands.

MarineLord sets up and spreads his Tanks outside of Elazer's 3rd and forces the first big engagement of the game at 12:00. With Ultralisks and big transfuses, Elazer is able to crash through the entire army and forces MarineLord back.

They continue to harass each others' bases with Helliion and Baneling runbys. Meanwhile, Elazer transitions into Swarm Hosts while MarineLord begins adding Liberators into his mech army. The mech army slowly pushes in by using his Liberators to zone out his army. He wedges himself between the 2nd and 3rd bases, but Corruptors clear out the Liberators to force the Tanks back.

The mech army continues to rotate around different bases to slowly pick off his economy, and Elazer ggs soon after.

Time

  • Played on: Nov. 23, 2016, 1:27 p.m.
  • Length: 18:52
Show
View Real Time Build Order
Export as new Build Order

MarineLorD Terran - Winner!

Build Orders: Reaper Expand, Hellion Banshee, Mech 

Get SALT Encoding   

  12  0:00  SCV  
  13  0:12  SCV  
  14  0:17  Supply Depot  
  14  0:25  SCV  
  15  0:29  Refinery  
  15  0:38  SCV  
  16  0:44  Barracks  
  16  0:50  SCV  
  17  1:03  SCV  
  18  1:15  SCV  
  19  1:30  Orbital Command  
  19  1:31  Reaper  
  20  1:42  Command Center  
  20  1:53  Factory  
  20  1:56  SCV  
  21  2:04  Supply Depot  
  21  2:07  Barracks Reactor  
  21  2:10  SCV  
  21  2:14  Refinery  
  22  2:22  SCV  
  23  2:34  SCV  
  24  2:42  Starport  
  24  2:46  SCV  
  24  2:47  Hellion x2  
  29  2:52  Barracks Tech Lab  
  29  2:57  Orbital Command  
  29  2:58  SCV  
  30  3:11  Hellion x2  
  34  3:13  SCV  
  35  3:22  Marine  
  35  3:25  SCV  
  35  3:26  SCV  
  38  3:29  Viking  
  40  3:35  Hellion x2  
  45  3:41  Supply Depot, SCV  
  45  3:46  SCV  
  45  3:48  Supply Depot  
  46  3:49  Cloaking Field  
  46  4:03  Hellion x2, SCV x2  
  52  4:10  Supply Depot  
  52  4:15  SCV x2  
  52  4:24  Hellion x2  
  52  4:30  SCV  
  52  4:34  SCV  
  46  4:38  Banshee  
  46  4:43  SCV  
  50  4:46  Hellion x2, SCV  
  55  4:55  SCV  
  55  4:58  SCV  
  57  5:02  Supply Depot  
  57  5:03  Supply Depot  
  57  5:07  Hellion x2  
  57  5:10  Barracks Tech Lab, SCV  
  63  5:14  SCV  
  63  5:22  SCV  
  63  5:24  Banshee  
  67  5:29  Command Center  
  67  5:32  SCV  
  68  5:42  Barracks Reactor  
  68  5:43  Refinery, SCV  
  68  5:44  Refinery, Factory, SCV  
  68  5:48  Armory  
  68  5:49  Factory  
  70  5:51  Armory  
  70  5:59  SCV  
  69  6:04  Siege Tank  
  69  6:08  SCV  
  73  6:11  SCV  
  74  6:20  SCV  
  74  6:23  SCV  
  74  6:25  Viking x2  
  80  6:32  SCV  
  81  6:36  SCV  
  82  6:40  Thor, Hellion x2  
  82  6:44  Orbital Command  
  92  6:47  SCV  
  92  6:48  Engineering Bay, SCV  
  92  6:52  Terran Vehicle Weapons Level 1  
  92  6:53  Terran Vehicle And Ship Armor Level 1  
  94  7:02  SCV  
  94  7:04  Siege Tank  
  98  7:09  Hellion  
  98  7:13  Supply Depot  
  98  7:15  Hellion, SCV  
  101  7:23  Orbital Command  
  101  7:24  Siege Tank, Refinery  
  101  7:28  Refinery  
  101  7:29  Viking  
  106  7:30  Viking  
  108  7:37  Missile Turret  
  108  7:38  SCV  
  108  7:40  Supply Depot, SCV  
  110  7:50  SCV  
  111  7:53  SCV x2  
  111  7:54  Siege Tank  
  111  7:58  Missile Turret  
  116  8:02  Viking  
  118  8:06  SCV  
  118  8:08  SCV  
  118  8:09  SCV  
  121  8:18  SCV  
  121  8:19  Siege Tank  
  119  8:20  Hellion x2  
  119  8:21  Infernal Pre-Igniter, SCV  
  109  8:31  Siege Tank  
  112  8:38  Factory x2  
  112  8:39  Hellion x2  
  112  8:41  Supply Depot  
  112  8:42  Supply Depot x2  
  112  8:43  Supply Depot  
  112  8:50  Command Center  
  112  8:52  Terran Vehicle And Ship Armor Level 2, Terran Vehicle Weapons Level 2  
  112  8:59  Siege Tank  
  115  9:03  Hellion  
  115  9:04  Hellion  
  115  9:07  Medivac  
  123  9:11  Medivac  
  123  9:15  SCV x3  
  123  9:17  Missile Turret  
  126  9:19  Supply Depot  
  126  9:20  Supply Depot, Missile Turret  
  126  9:22  Factory Tech Lab  
  128  9:24  Factory Reactor  
  128  9:25  Siege Tank  
  129  9:37  Siege Tank, Viking  
  129  9:38  Hellion x2  
  138  9:41  Viking  
  138  9:50  Siege Tank, Supply Depot  
  138  9:52  Supply Depot  
  141  9:59  Hellion x2, SCV x3  
  133  10:10  Siege Tank  
  133  10:11  SCV x2  
  133  10:12  Hellion x3  
  145  10:21  Hellion, Hellbat  
  148  10:22  Siege Tank  
  148  10:23  SCV x2  
  148  10:25  Supply Depot  
  150  10:33  Siege Tank, Hellbat x2  
  151  10:42  Siege Tank, Hellbat x2  
  149  10:54  Hellbat  
  149  10:56  Viking x2  
  146  11:04  Planetary Fortress  
  146  11:09  Siege Tank x2  
  150  11:12  Hellbat x2  
  150  11:16  Supply Depot  
  152  11:25  Refinery x2  
  149  11:37  Siege Tank  
  149  11:38  Hellion x2  
  156  11:46  Siege Tank, Hellion x2  
  167  11:47  Liberator x2  
  167  11:56  Siege Tank  
  167  11:59  Hellion x2  
  156  12:08  Hellion  
  129  12:13  Siege Tank  
  129  12:14  Hellbat  
  132  12:17  Hellion x6  
  132  12:18  Hellion  
  124  12:28  Siege Tank, Hellion  
  114  12:39  Siege Tank  
  114  12:41  Hellion x3  
  123  12:46  Siege Tank, Liberator x2, Sensor Tower  
  123  12:50  Terran Vehicle Weapons Level 3  
  126  12:54  Missile Turret  
  126  12:55  SCV  
  127  13:00  Siege Tank  
  136  13:12  Siege Tank  
  127  13:22  Hellion x3  
  127  13:29  Liberator x2  
  127  13:31  Siege Tank, Supply Depot x2  
  127  13:32  Siege Tank, Supply Depot, SCV x2  
  127  13:33  Hellion x2, Supply Depot, SCV  
  136  13:35  Hellion  
  134  13:44  SCV x2  
  134  13:47  Siege Tank  
  145  13:50  Hellbat x2  
  149  14:00  Hellbat x2  
  153  14:03  Siege Tank  
  156  14:12  Siege Tank, Liberator x2  
  156  14:13  Hellbat x2  
  163  14:23  Command Center  
  167  14:32  Hellion  
  167  14:37  Siege Tank  
  164  15:11  Thor  
  164  15:12  Thor x2, Viking  
  184  15:21  Viking  
  183  15:42  Viking  
  182  15:47  Hellion  
  182  15:51  Viking  
  182  15:55  Siege Tank x3  
  193  16:01  Hellbat x2  
  193  16:02  Hellbat x2  
  193  16:12  Viking  
  193  16:21  Viking  
  193  16:27  Siege Tank  
  189  16:39  Starport  
  186  16:41  Viking, Starport  
  186  16:46  Siege Tank  
  183  16:47  Hellion x2  
  183  16:51  Viking  
  179  16:55  Command Center  
  179  17:03  Hellion x2  
  183  17:10  Hellion x2  
  183  17:11  Viking  
  183  17:14  Refinery  
  189  17:15  Missile Turret  
  189  17:17  Refinery  
  189  17:19  Starport Reactor  
  189  17:21  Viking  
  189  17:25  Starport Reactor  
  185  17:30  Thor x2  
  197  17:41  Viking  
  196  17:49  Thor  
  196  17:50  Hellion x6  
  196  17:51  Viking  
  193  18:07  Planetary Fortress  
  193  18:11  Viking  
  195  18:21  Viking  
Show
View Real Time Build Order
Export as new Build Order

Elazer Zerg 

Build Orders: Hatch First, Swarm Host, Zergling Ultralisk 

Get SALT Encoding   

  12  0:00  Drone  
  13  0:12  Overlord  
  13  0:17  Drone  
  14  0:30  Drone x2  
  14  0:34  Drone  
  17  0:51  Hatchery  
  17  0:54  Drone  
  17  0:57  Drone  
  18  1:08  Extractor  
  17  1:12  Spawning Pool  
  17  1:15  Drone  
  18  1:18  Drone  
  18  1:27  Drone  
  19  1:38  Overlord  
  19  1:58  Queen  
  19  1:59  Zergling x2  
  19  2:00  Zergling x2  
  23  2:03  Queen, Drone  
  23  2:07  Metabolic Boost  
  26  2:11  Drone  
  26  2:14  Drone  
  28  2:23  Drone  
  28  2:24  Drone  
  29  2:32  Drone  
  29  2:36  Drone  
  31  2:39  Queen  
  33  2:47  Pneumatized Carapace  
  33  2:48  Drone  
  33  2:49  Drone  
  35  2:54  Overlord  
  35  2:58  Drone  
  36  3:13  Drone x3  
  36  3:14  Zergling x4  
  36  3:15  Queen  
  36  3:17  Overlord  
  36  3:18  Drone  
  43  3:34  Drone  
  43  3:35  Drone x2  
  43  3:36  Drone x2  
  48  3:45  Hatchery  
  46  3:50  Zergling x6  
  46  3:52  Queen  
  46  3:54  Overlord  
  51  3:56  Extractor  
  51  4:02  Roach Warren  
  49  4:11  Hatchery  
  49  4:12  Overlord  
  49  4:14  Drone x2  
  49  4:15  Overlord  
  50  4:27  Hatchery  
  50  4:29  Zergling x6  
  51  4:31  Spore Crawler, Queen  
  51  4:35  Spore Crawler  
  48  4:41  Drone  
  48  4:42  Overlord, Drone x2  
  48  4:43  Drone  
  53  4:46  Lair  
  53  4:57  Spore Crawler, Overlord  
  53  4:59  Drone x3  
  55  5:02  Evolution Chamber  
  55  5:03  Evolution Chamber  
  53  5:11  Zergling x10  
  58  5:15  Queen  
  58  5:20  Overlord  
  60  5:32  Zerg Melee Weapons Level 1, Zerg Ground Armor Level 1  
  60  5:34  Drone x4  
  64  5:39  Drone  
  64  5:41  Baneling Nest  
  64  5:48  Overseer  
  64  5:49  Drone  
  66  5:50  Drone x3  
  66  5:52  Queen  
  66  5:54  Drone  
  66  5:55  Drone  
  72  5:58  Drone  
  72  6:02  Overlord  
  73  6:08  Overlord  
  73  6:09  Drone x3  
  73  6:11  Drone  
  77  6:16  Overlord  
  77  6:20  Overlord  
  77  6:21  Drone x2  
  77  6:22  Drone x2  
  81  6:30  Baneling x5  
  81  6:35  Drone x2  
  81  6:36  Extractor  
  81  6:37  Extractor  
  81  6:39  Centrifical Hooks  
  81  6:42  Drone x2  
  81  6:43  Drone  
  84  6:49  Hatchery  
  84  6:50  Drone  
  84  6:54  Overlord  
  83  7:02  Drone x2  
  83  7:04  Overlord  
  83  7:05  Hatchery  
  83  7:08  Zergling x16  
  85  7:09  Zergling x4  
  94  7:21  Overlord  
  94  7:22  Zergling x2  
  95  7:23  Zergling x8  
  95  7:27  Overlord  
  99  7:30  Zerg Ground Armor Level 2, Zerg Melee Weapons Level 2  
  99  7:31  Infestation Pit  
  99  7:35  Zergling x10  
  103  7:42  Overlord  
  100  7:44  Drone x3  
  100  7:47  Overlord  
  101  7:51  Overlord  
  101  7:57  Zergling x10  
  105  8:02  Queen  
  105  8:03  Overlord  
  107  8:06  Drone x7  
  107  8:10  Baneling  
  107  8:11  Baneling x4  
  114  8:13  Overseer  
  108  8:20  Zergling x4  
  108  8:21  Zergling x6  
  108  8:26  Hive  
  107  8:27  Baneling x4  
  107  8:28  Overlord  
  107  8:33  Queen  
  107  8:37  Drone x6  
  107  8:39  Drone  
  107  8:41  Queen  
  113  8:42  Zergling x4  
  116  8:51  Drone  
  117  8:58  Overlord  
  117  9:03  Zergling x18  
  117  9:07  Hatchery  
  125  9:16  Baneling x5  
  125  9:19  Overlord  
  125  9:20  Zergling x6  
  125  9:21  Zergling x22  
  139  9:29  Overlord  
  137  9:36  Drone x2  
  137  9:38  Spire, Extractor, Drone x3  
  141  9:40  Overlord  
  141  9:45  Overlord  
  137  9:46  Drone x8  
  137  9:49  Extractor x2  
  137  9:50  Spine Crawler  
  142  9:53  Overlord  
  140  10:01  Adrenal Glands  
  140  10:03  Ultralisk Cavern  
  140  10:04  Overlord  
  139  10:08  Extractor  
  139  10:10  Drone  
  139  10:11  Zergling x2, Drone x2  
  139  10:12  Zergling x16  
  149  10:16  Baneling x5  
  149  10:17  Baneling x2  
  123  10:45  Zergling x12  
  123  10:46  Zergling x10  
  129  10:56  Chitinous Plating  
  123  10:58  Ultralisk x3  
  123  11:02  Drone x3  
  142  11:09  Ultralisk  
  142  11:11  Greater Spire  
  143  11:25  Ultralisk x2  
  155  11:27  Zergling x14  
  158  11:34  Ultralisk  
  158  11:36  Zergling x6  
  158  11:38  Baneling x4  
  158  11:39  Baneling  
  161  11:52  Zergling x22  
  161  11:53  Zergling x2  
  129  12:21  Ultralisk x3  
  127  12:23  Zergling x2  
  127  12:24  Zergling x24  
  127  12:29  Zergling x10  
  139  12:44  Baneling x5  
  139  12:49  Extractor  
  139  12:50  Hatchery, Drone  
  138  12:58  Corruptor  
  138  12:59  Corruptor  
  138  13:03  Drone x4  
  138  13:04  Hatchery  
  138  13:05  Drone  
  133  13:08  Drone  
  133  13:09  Drone  
  133  13:12  Drone  
  126  13:14  Drone  
  126  13:16  Drone  
  121  13:20  Drone  
  121  13:24  Drone x2  
  121  13:33  Zerg Flyer Armor Level 1  
  121  13:35  Drone  
  121  13:36  Drone  
  121  13:37  Drone  
  121  13:39  Drone  
  125  13:42  Drone  
  125  13:57  Swarm Host x4  
  125  14:00  Swarm Host  
  139  14:03  Zerg Missile Weapons Level 1  
  139  14:06  Swarm Host  
  139  14:08  Swarm Host  
  144  14:11  Swarm Host  
  144  14:14  Swarm Host  
  149  14:19  Swarm Host  
  149  14:20  Swarm Host  
  153  14:24  Drone x2  
  153  14:27  Drone  
  153  14:28  Drone  
  153  14:29  Drone  
  158  14:33  Drone x2  
  158  14:38  Zergling x18  
  152  15:01  Swarm Host x6  
  179  15:12  Drone  
  179  15:13  Drone x7  
  187  15:20  Overlord  
  184  15:22  Corruptor x3  
  184  15:32  Corruptor x2  
  182  15:48  Extractor  
  182  15:49  Extractor  
  177  15:56  Corruptor x4  
  171  16:03  Corruptor  
  167  16:12  Corruptor x2  
  149  16:29  Corruptor x3  
  149  16:30  Corruptor  
  155  16:36  Ultralisk  
  152  16:49  Zergling x2  
  152  16:50  Zergling x4  
  152  16:57  Drone x10  
  160  17:01  Swarm Host  
  160  17:07  Drone x3  
  162  17:14  Swarm Host  
  165  17:17  Swarm Host  
  168  17:24  Swarm Host  
  136  17:47  Swarm Host x6  
  154  17:54  Swarm Host x3  
  163  18:00  Corruptor  
  152  18:20  Corruptor x2  
  152  18:24  Hatchery  
Tags
 
Add a new tag
Caveats
  • Supply blocks, unpowered buildings, or Contaminate may cause inaccurate times.
  • Supply counts are checked every 10 seconds.